%YAML 1.1
%TAG !u! tag:unity3d.com,2011:
--- !u!1 &2673672781131184016
GameObject:
  m_ObjectHideFlags: 0
  m_CorrespondingSourceObject: {fileID: 0}
  m_PrefabInstance: {fileID: 0}
  m_PrefabAsset: {fileID: 0}
  serializedVersion: 6
  m_Component:
  - component: {fileID: 2673672781131183721}
  - component: {fileID: 2673672781131183720}
  - component: {fileID: 2673672781131183727}
  - component: {fileID: 2673672781131183726}
  - component: {fileID: 2673672781131183725}
  - component: {fileID: 2673672781131183724}
  - component: {fileID: 2673672781131184019}
  - component: {fileID: 2673672781131183722}
  - component: {fileID: 8624738309443917996}
  - component: {fileID: 1480462897637607700}
  - component: {fileID: 855368985808252640}
  m_Layer: 6
  m_Name: Butters
  m_TagString: Player
  m_Icon: {fileID: 0}
  m_NavMeshLayer: 0
  m_StaticEditorFlags: 0
  m_IsActive: 1
--- !u!4 &2673672781131183721
Transform:
  m_ObjectHideFlags: 0
  m_CorrespondingSourceObject: {fileID: 0}
  m_PrefabInstance: {fileID: 0}
  m_PrefabAsset: {fileID: 0}
  m_GameObject: {fileID: 2673672781131184016}
  m_LocalRotation: {x: 0, y: 0, z: 0, w: 1}
  m_LocalPosition: {x: 0, y: 0, z: 0}
  m_LocalScale: {x: 0.5, y: 0.5, z: 0}
  m_ConstrainProportionsScale: 0
  m_Children:
  - {fileID: 2655891821369878260}
  - {fileID: 3896467861496350591}
  - {fileID: 96362282077316101}
  m_Father: {fileID: 0}
  m_RootOrder: 0
  m_LocalEulerAnglesHint: {x: 0, y: 0, z: 0}
--- !u!212 &2673672781131183720
SpriteRenderer:
  m_ObjectHideFlags: 0
  m_CorrespondingSourceObject: {fileID: 0}
  m_PrefabInstance: {fileID: 0}
  m_PrefabAsset: {fileID: 0}
  m_GameObject: {fileID: 2673672781131184016}
  m_Enabled: 1
  m_CastShadows: 0
  m_ReceiveShadows: 0
  m_DynamicOccludee: 1
  m_StaticShadowCaster: 0
  m_MotionVectors: 1
  m_LightProbeUsage: 1
  m_ReflectionProbeUsage: 1
  m_RayTracingMode: 0
  m_RayTraceProcedural: 0
  m_RenderingLayerMask: 1
  m_RendererPriority: 0
  m_Materials:
  - {fileID: 10754, guid: 0000000000000000f000000000000000, type: 0}
  m_StaticBatchInfo:
    firstSubMesh: 0
    subMeshCount: 0
  m_StaticBatchRoot: {fileID: 0}
  m_ProbeAnchor: {fileID: 0}
  m_LightProbeVolumeOverride: {fileID: 0}
  m_ScaleInLightmap: 1
  m_ReceiveGI: 1
  m_PreserveUVs: 0
  m_IgnoreNormalsForChartDetection: 0
  m_ImportantGI: 0
  m_StitchLightmapSeams: 1
  m_SelectedEditorRenderState: 0
  m_MinimumChartSize: 4
  m_AutoUVMaxDistance: 0.5
  m_AutoUVMaxAngle: 89
  m_LightmapParameters: {fileID: 0}
  m_SortingLayerID: 0
  m_SortingLayer: 0
  m_SortingOrder: 3
  m_Sprite: {fileID: -815883837, guid: b4a9124e86ff2264da4ac0e1c67d9ba4, type: 3}
  m_Color: {r: 1, g: 1, b: 1, a: 1}
  m_FlipX: 0
  m_FlipY: 0
  m_DrawMode: 0
  m_Size: {x: 8.3125, y: 13.25}
  m_AdaptiveModeThreshold: 0.5
  m_SpriteTileMode: 0
  m_WasSpriteAssigned: 1
  m_MaskInteraction: 0
  m_SpriteSortPoint: 0
--- !u!50 &2673672781131183727
Rigidbody2D:
  serializedVersion: 4
  m_ObjectHideFlags: 0
  m_CorrespondingSourceObject: {fileID: 0}
  m_PrefabInstance: {fileID: 0}
  m_PrefabAsset: {fileID: 0}
  m_GameObject: {fileID: 2673672781131184016}
  m_BodyType: 0
  m_Simulated: 1
  m_UseFullKinematicContacts: 0
  m_UseAutoMass: 0
  m_Mass: 1
  m_LinearDrag: 0
  m_AngularDrag: 0.05
  m_GravityScale: 0
  m_Material: {fileID: 0}
  m_Interpolate: 0
  m_SleepingMode: 1
  m_CollisionDetection: 0
  m_Constraints: 4
--- !u!61 &2673672781131183726
BoxCollider2D:
  m_ObjectHideFlags: 0
  m_CorrespondingSourceObject: {fileID: 0}
  m_PrefabInstance: {fileID: 0}
  m_PrefabAsset: {fileID: 0}
  m_GameObject: {fileID: 2673672781131184016}
  m_Enabled: 1
  m_Density: 1
  m_Material: {fileID: 0}
  m_IsTrigger: 0
  m_UsedByEffector: 0
  m_UsedByComposite: 0
  m_Offset: {x: -0.0037915707, y: 0.98522234}
  m_SpriteTilingProperty:
    border: {x: 0, y: 0, z: 0, w: 0}
    pivot: {x: 0.5, y: 0}
    oldSize: {x: 1.21, y: 1.89}
    newSize: {x: 8.3125, y: 13.25}
    adaptiveTilingThreshold: 0.5
    drawMode: 0
    adaptiveTiling: 0
  m_AutoTiling: 0
  serializedVersion: 2
  m_Size: {x: 1.2329297, y: 1.9311738}
  m_EdgeRadius: 0
--- !u!114 &2673672781131183725
MonoBehaviour:
  m_ObjectHideFlags: 0
  m_CorrespondingSourceObject: {fileID: 0}
  m_PrefabInstance: {fileID: 0}
  m_PrefabAsset: {fileID: 0}
  m_GameObject: {fileID: 2673672781131184016}
  m_Enabled: 1
  m_EditorHideFlags: 0
  m_Script: {fileID: 11500000, guid: 4dc43be3978909a49bdc6cfd05972549, type: 3}
  m_Name: 
  m_EditorClassIdentifier: 
  DamageAvailable: 1
  AreDeath: 0
  _loseControleTime: 0.5
  colorToTurnTo: {r: 0.8207547, g: 0.07355818, b: 0.07355818, a: 1}
  colorToTurnTo2: {r: 1, g: 1, b: 1, a: 1}
  deathSound: {fileID: 8300000, guid: c71ed6f6eb2bb1749bebe1ad0fa638cc, type: 3}
  HittedSound: {fileID: 8300000, guid: 081129410eae0cd4b915e3d62b1efb49, type: 3}
--- !u!114 &2673672781131183724
MonoBehaviour:
  m_ObjectHideFlags: 0
  m_CorrespondingSourceObject: {fileID: 0}
  m_PrefabInstance: {fileID: 0}
  m_PrefabAsset: {fileID: 0}
  m_GameObject: {fileID: 2673672781131184016}
  m_Enabled: 1
  m_EditorHideFlags: 0
  m_Script: {fileID: 11500000, guid: f2f02956eca89e646883ab94b7dd5c3b, type: 3}
  m_Name: 
  m_EditorClassIdentifier: 
  rotationOffset: 0
  TrailRenderer: {fileID: 938161090857712586}
  _dashSpeed: 15
  _dashTime: 0.25
  _dashAvailable: 1
  _moveAvailable: 1
  _reboundVelocity: {x: 3, y: 3}
--- !u!114 &2673672781131184019
MonoBehaviour:
  m_ObjectHideFlags: 0
  m_CorrespondingSourceObject: {fileID: 0}
  m_PrefabInstance: {fileID: 0}
  m_PrefabAsset: {fileID: 0}
  m_GameObject: {fileID: 2673672781131184016}
  m_Enabled: 1
  m_EditorHideFlags: 0
  m_Script: {fileID: 11500000, guid: 2ec8c13828ab8374eb090c3f05d34994, type: 3}
  m_Name: 
  m_EditorClassIdentifier: 
  CharacterName: Butters
  speed: 4
  rotationSpeed: 5
  MaxLife: 100
  Life: 100
--- !u!95 &2673672781131183722
Animator:
  serializedVersion: 5
  m_ObjectHideFlags: 0
  m_CorrespondingSourceObject: {fileID: 0}
  m_PrefabInstance: {fileID: 0}
  m_PrefabAsset: {fileID: 0}
  m_GameObject: {fileID: 2673672781131184016}
  m_Enabled: 1
  m_Avatar: {fileID: 0}
  m_Controller: {fileID: 9100000, guid: e8d319e4d46cfd047b497a34f54acd5c, type: 2}
  m_CullingMode: 0
  m_UpdateMode: 0
  m_ApplyRootMotion: 0
  m_LinearVelocityBlending: 0
  m_StabilizeFeet: 0
  m_WarningMessage: 
  m_HasTransformHierarchy: 1
  m_AllowConstantClipSamplingOptimization: 1
  m_KeepAnimatorStateOnDisable: 0
--- !u!114 &8624738309443917996
MonoBehaviour:
  m_ObjectHideFlags: 0
  m_CorrespondingSourceObject: {fileID: 0}
  m_PrefabInstance: {fileID: 0}
  m_PrefabAsset: {fileID: 0}
  m_GameObject: {fileID: 2673672781131184016}
  m_Enabled: 1
  m_EditorHideFlags: 0
  m_Script: {fileID: 11500000, guid: aa04d2c5e49c7d2419c456a015c2ad1e, type: 3}
  m_Name: 
  m_EditorClassIdentifier: 
--- !u!114 &1480462897637607700
MonoBehaviour:
  m_ObjectHideFlags: 0
  m_CorrespondingSourceObject: {fileID: 0}
  m_PrefabInstance: {fileID: 0}
  m_PrefabAsset: {fileID: 0}
  m_GameObject: {fileID: 2673672781131184016}
  m_Enabled: 1
  m_EditorHideFlags: 0
  m_Script: {fileID: 11500000, guid: 4e0f5486820c3a34f9ea716f35e86306, type: 3}
  m_Name: 
  m_EditorClassIdentifier: 
  hitController: {fileID: 3896467861496350591}
  hitRadius: 0.7
  hitDamage: 30
  timeBetweenAttacks: 2
  timeNextAttack: 0
--- !u!114 &855368985808252640
MonoBehaviour:
  m_ObjectHideFlags: 0
  m_CorrespondingSourceObject: {fileID: 0}
  m_PrefabInstance: {fileID: 0}
  m_PrefabAsset: {fileID: 0}
  m_GameObject: {fileID: 2673672781131184016}
  m_Enabled: 1
  m_EditorHideFlags: 0
  m_Script: {fileID: 11500000, guid: 17ed966d13dd41d49a0e4dff1f628be3, type: 3}
  m_Name: 
  m_EditorClassIdentifier: 
  isFull: 0000000000
  slots:
  - {fileID: 0}
  - {fileID: 0}
  - {fileID: 0}
  - {fileID: 0}
  - {fileID: 0}
--- !u!1 &7611234357193920877
GameObject:
  m_ObjectHideFlags: 0
  m_CorrespondingSourceObject: {fileID: 0}
  m_PrefabInstance: {fileID: 0}
  m_PrefabAsset: {fileID: 0}
  serializedVersion: 6
  m_Component:
  - component: {fileID: 3896467861496350591}
  m_Layer: 6
  m_Name: MeleeAttackController
  m_TagString: Untagged
  m_Icon: {fileID: 0}
  m_NavMeshLayer: 0
  m_StaticEditorFlags: 0
  m_IsActive: 1
--- !u!4 &3896467861496350591
Transform:
  m_ObjectHideFlags: 0
  m_CorrespondingSourceObject: {fileID: 0}
  m_PrefabInstance: {fileID: 0}
  m_PrefabAsset: {fileID: 0}
  m_GameObject: {fileID: 7611234357193920877}
  m_LocalRotation: {x: -0, y: -0, z: -0, w: 1}
  m_LocalPosition: {x: 0, y: 0.99, z: 0}
  m_LocalScale: {x: 1, y: 1, z: 1}
  m_ConstrainProportionsScale: 0
  m_Children: []
  m_Father: {fileID: 2673672781131183721}
  m_RootOrder: 1
  m_LocalEulerAnglesHint: {x: 0, y: 0, z: 0}
--- !u!1001 &3380718907909330627
PrefabInstance:
  m_ObjectHideFlags: 0
  serializedVersion: 2
  m_Modification:
    m_TransformParent: {fileID: 2673672781131183721}
    m_Modifications:
    - target: {fileID: 3439871689265459910, guid: 463886daaad13a248ae537e837927b7c, type: 3}
      propertyPath: m_RootOrder
      value: 2
      objectReference: {fileID: 0}
    - target: {fileID: 3439871689265459910, guid: 463886daaad13a248ae537e837927b7c, type: 3}
      propertyPath: m_LocalPosition.x
      value: 0
      objectReference: {fileID: 0}
    - target: {fileID: 3439871689265459910, guid: 463886daaad13a248ae537e837927b7c, type: 3}
      propertyPath: m_LocalPosition.y
      value: 0
      objectReference: {fileID: 0}
    - target: {fileID: 3439871689265459910, guid: 463886daaad13a248ae537e837927b7c, type: 3}
      propertyPath: m_LocalPosition.z
      value: 0
      objectReference: {fileID: 0}
    - target: {fileID: 3439871689265459910, guid: 463886daaad13a248ae537e837927b7c, type: 3}
      propertyPath: m_LocalRotation.w
      value: 1
      objectReference: {fileID: 0}
    - target: {fileID: 3439871689265459910, guid: 463886daaad13a248ae537e837927b7c, type: 3}
      propertyPath: m_LocalRotation.x
      value: 0
      objectReference: {fileID: 0}
    - target: {fileID: 3439871689265459910, guid: 463886daaad13a248ae537e837927b7c, type: 3}
      propertyPath: m_LocalRotation.y
      value: 0
      objectReference: {fileID: 0}
    - target: {fileID: 3439871689265459910, guid: 463886daaad13a248ae537e837927b7c, type: 3}
      propertyPath: m_LocalRotation.z
      value: 0
      objectReference: {fileID: 0}
    - target: {fileID: 3439871689265459910, guid: 463886daaad13a248ae537e837927b7c, type: 3}
      propertyPath: m_LocalEulerAnglesHint.x
      value: 0
      objectReference: {fileID: 0}
    - target: {fileID: 3439871689265459910, guid: 463886daaad13a248ae537e837927b7c, type: 3}
      propertyPath: m_LocalEulerAnglesHint.y
      value: 0
      objectReference: {fileID: 0}
    - target: {fileID: 3439871689265459910, guid: 463886daaad13a248ae537e837927b7c, type: 3}
      propertyPath: m_LocalEulerAnglesHint.z
      value: 0
      objectReference: {fileID: 0}
    - target: {fileID: 3439871689265459911, guid: 463886daaad13a248ae537e837927b7c, type: 3}
      propertyPath: m_Name
      value: GunHolder
      objectReference: {fileID: 0}
    m_RemovedComponents: []
  m_SourcePrefab: {fileID: 100100000, guid: 463886daaad13a248ae537e837927b7c, type: 3}
--- !u!4 &96362282077316101 stripped
Transform:
  m_CorrespondingSourceObject: {fileID: 3439871689265459910, guid: 463886daaad13a248ae537e837927b7c, type: 3}
  m_PrefabInstance: {fileID: 3380718907909330627}
  m_PrefabAsset: {fileID: 0}
--- !u!1001 &6915190746371561640
PrefabInstance:
  m_ObjectHideFlags: 0
  serializedVersion: 2
  m_Modification:
    m_TransformParent: {fileID: 2673672781131183721}
    m_Modifications:
    - target: {fileID: 4145528023519464399, guid: 08f59d71d1322fd49b8c897456fef51b, type: 3}
      propertyPath: m_Name
      value: Trail
      objectReference: {fileID: 0}
    - target: {fileID: 5977039572597547874, guid: 08f59d71d1322fd49b8c897456fef51b, type: 3}
      propertyPath: m_Parameters.colorGradient.key0.b
      value: 0.69803923
      objectReference: {fileID: 0}
    - target: {fileID: 5977039572597547874, guid: 08f59d71d1322fd49b8c897456fef51b, type: 3}
      propertyPath: m_Parameters.colorGradient.key0.g
      value: 0.8078432
      objectReference: {fileID: 0}
    - target: {fileID: 5977039572597547874, guid: 08f59d71d1322fd49b8c897456fef51b, type: 3}
      propertyPath: m_Parameters.colorGradient.key0.r
      value: 0.3647059
      objectReference: {fileID: 0}
    - target: {fileID: 5977039572597547874, guid: 08f59d71d1322fd49b8c897456fef51b, type: 3}
      propertyPath: m_Parameters.colorGradient.key1.b
      value: 0.69803923
      objectReference: {fileID: 0}
    - target: {fileID: 5977039572597547874, guid: 08f59d71d1322fd49b8c897456fef51b, type: 3}
      propertyPath: m_Parameters.colorGradient.key1.g
      value: 0.8078432
      objectReference: {fileID: 0}
    - target: {fileID: 5977039572597547874, guid: 08f59d71d1322fd49b8c897456fef51b, type: 3}
      propertyPath: m_Parameters.colorGradient.key1.r
      value: 0.3647059
      objectReference: {fileID: 0}
    - target: {fileID: 8875520446344625756, guid: 08f59d71d1322fd49b8c897456fef51b, type: 3}
      propertyPath: m_RootOrder
      value: 0
      objectReference: {fileID: 0}
    - target: {fileID: 8875520446344625756, guid: 08f59d71d1322fd49b8c897456fef51b, type: 3}
      propertyPath: m_LocalPosition.x
      value: -0.055
      objectReference: {fileID: 0}
    - target: {fileID: 8875520446344625756, guid: 08f59d71d1322fd49b8c897456fef51b, type: 3}
      propertyPath: m_LocalPosition.y
      value: 0.289
      objectReference: {fileID: 0}
    - target: {fileID: 8875520446344625756, guid: 08f59d71d1322fd49b8c897456fef51b, type: 3}
      propertyPath: m_LocalPosition.z
      value: 0
      objectReference: {fileID: 0}
    - target: {fileID: 8875520446344625756, guid: 08f59d71d1322fd49b8c897456fef51b, type: 3}
      propertyPath: m_LocalRotation.w
      value: 1
      objectReference: {fileID: 0}
    - target: {fileID: 8875520446344625756, guid: 08f59d71d1322fd49b8c897456fef51b, type: 3}
      propertyPath: m_LocalRotation.x
      value: 0
      objectReference: {fileID: 0}
    - target: {fileID: 8875520446344625756, guid: 08f59d71d1322fd49b8c897456fef51b, type: 3}
      propertyPath: m_LocalRotation.y
      value: 0
      objectReference: {fileID: 0}
    - target: {fileID: 8875520446344625756, guid: 08f59d71d1322fd49b8c897456fef51b, type: 3}
      propertyPath: m_LocalRotation.z
      value: 0
      objectReference: {fileID: 0}
    - target: {fileID: 8875520446344625756, guid: 08f59d71d1322fd49b8c897456fef51b, type: 3}
      propertyPath: m_LocalEulerAnglesHint.x
      value: 0
      objectReference: {fileID: 0}
    - target: {fileID: 8875520446344625756, guid: 08f59d71d1322fd49b8c897456fef51b, type: 3}
      propertyPath: m_LocalEulerAnglesHint.y
      value: 0
      objectReference: {fileID: 0}
    - target: {fileID: 8875520446344625756, guid: 08f59d71d1322fd49b8c897456fef51b, type: 3}
      propertyPath: m_LocalEulerAnglesHint.z
      value: 0
      objectReference: {fileID: 0}
    m_RemovedComponents: []
  m_SourcePrefab: {fileID: 100100000, guid: 08f59d71d1322fd49b8c897456fef51b, type: 3}
--- !u!96 &938161090857712586 stripped
TrailRenderer:
  m_CorrespondingSourceObject: {fileID: 5977039572597547874, guid: 08f59d71d1322fd49b8c897456fef51b, type: 3}
  m_PrefabInstance: {fileID: 6915190746371561640}
  m_PrefabAsset: {fileID: 0}
--- !u!4 &2655891821369878260 stripped
Transform:
  m_CorrespondingSourceObject: {fileID: 8875520446344625756, guid: 08f59d71d1322fd49b8c897456fef51b, type: 3}
  m_PrefabInstance: {fileID: 6915190746371561640}
  m_PrefabAsset: {fileID: 0}
--- !u!1001 &8070348311179591806
PrefabInstance:
  m_ObjectHideFlags: 0
  serializedVersion: 2
  m_Modification:
    m_TransformParent: {fileID: 96362282077316101}
    m_Modifications:
    - target: {fileID: 3737628008691808770, guid: 504e044c759049b49b045c150f5b6123, type: 3}
      propertyPath: m_RootOrder
      value: 0
      objectReference: {fileID: 0}
    - target: {fileID: 3737628008691808770, guid: 504e044c759049b49b045c150f5b6123, type: 3}
      propertyPath: m_LocalScale.x
      value: 0.5
      objectReference: {fileID: 0}
    - target: {fileID: 3737628008691808770, guid: 504e044c759049b49b045c150f5b6123, type: 3}
      propertyPath: m_LocalScale.y
      value: 0.5
      objectReference: {fileID: 0}
    - target: {fileID: 3737628008691808770, guid: 504e044c759049b49b045c150f5b6123, type: 3}
      propertyPath: m_LocalScale.z
      value: 0
      objectReference: {fileID: 0}
    - target: {fileID: 3737628008691808770, guid: 504e044c759049b49b045c150f5b6123, type: 3}
      propertyPath: m_LocalPosition.x
      value: 0.372
      objectReference: {fileID: 0}
    - target: {fileID: 3737628008691808770, guid: 504e044c759049b49b045c150f5b6123, type: 3}
      propertyPath: m_LocalPosition.y
      value: 0.817
      objectReference: {fileID: 0}
    - target: {fileID: 3737628008691808770, guid: 504e044c759049b49b045c150f5b6123, type: 3}
      propertyPath: m_LocalPosition.z
      value: 0
      objectReference: {fileID: 0}
    - target: {fileID: 3737628008691808770, guid: 504e044c759049b49b045c150f5b6123, type: 3}
      propertyPath: m_LocalRotation.w
      value: 0.92387956
      objectReference: {fileID: 0}
    - target: {fileID: 3737628008691808770, guid: 504e044c759049b49b045c150f5b6123, type: 3}
      propertyPath: m_LocalRotation.x
      value: -0
      objectReference: {fileID: 0}
    - target: {fileID: 3737628008691808770, guid: 504e044c759049b49b045c150f5b6123, type: 3}
      propertyPath: m_LocalRotation.y
      value: -0
      objectReference: {fileID: 0}
    - target: {fileID: 3737628008691808770, guid: 504e044c759049b49b045c150f5b6123, type: 3}
      propertyPath: m_LocalRotation.z
      value: -0.38268343
      objectReference: {fileID: 0}
    - target: {fileID: 3737628008691808770, guid: 504e044c759049b49b045c150f5b6123, type: 3}
      propertyPath: m_LocalEulerAnglesHint.x
      value: 0
      objectReference: {fileID: 0}
    - target: {fileID: 3737628008691808770, guid: 504e044c759049b49b045c150f5b6123, type: 3}
      propertyPath: m_LocalEulerAnglesHint.y
      value: 0
      objectReference: {fileID: 0}
    - target: {fileID: 3737628008691808770, guid: 504e044c759049b49b045c150f5b6123, type: 3}
      propertyPath: m_LocalEulerAnglesHint.z
      value: -45
      objectReference: {fileID: 0}
    - target: {fileID: 8033743002780359680, guid: 504e044c759049b49b045c150f5b6123, type: 3}
      propertyPath: m_Name
      value: ToyBow
      objectReference: {fileID: 0}
    m_RemovedComponents: []
  m_SourcePrefab: {fileID: 100100000, guid: 504e044c759049b49b045c150f5b6123, type: 3}
